Cogmind - Beta 9.3 *** ADVENTURER MODE // 2020.01.02 @ 13:16:03 Player: BW-032 Result: Destroyed by 99-TNT with 99-TNT's Nukerbomber Performance ------------- Evolutions (3) 1500 Regions Visited (10) 2000 Robots Destroyed (57) 285 Value Destroyed (1584) 1584 Prototype IDs (9) 180 Alien Tech Used (0) 0 Bonus (1000) 1000 TOTAL SCORE: 6549 Bonus ------- Entered Garrisons 200 Used RIF Installer 500 Aligned with FarCom 300 Cogmind --------- Core Integrity 0/700 Matter 279/300 Energy 17/100 System Corruption 10% Temperature Cool (10) Movement Core (50) Location -7/Lower Caves Parts ------- > --- POWER (2) -------- (None) > --- PROPULSION (4) --- (None) > --- UTILITY (5) ------ Improved Targeting Computer > --- WEAPON (2) ------- (None) > --- INVENTORY (4) ---- Plasma Flamer Peak State ------------ > --- POWER ------------ Light Angular Momentum Engine Light Angular Momentum Engine > --- PROPULSION ------- Gravmag System Gravmag System > --- UTILITY ---------- Superbattery Improved Signal Interpreter Improved Light Armor Plating Improved Medium Armor Plating > --- WEAPON ----------- Proton Missile Launcher Chainsword > --- INVENTORY -------- Improved Terrain Scanner PSU Rigger Remote Datajack [Rating: 46] Favorites ----------- Power Light Nuclear Core Engine Light Angular Momentum Engine Power Core Light Nuclear Core Propulsion Wheel Treads Improved Treads Leg Aluminum Leg Wheel Wheel Hover Unit Gravmag System Flight Unit Flight Unit Utility Improved Signal Interpreter Device Supersonic Drone Bay Storage Superbattery Processor Improved Signal Interpreter Protection Improved Light Armor Plating Weapon Grenade Launcher Energy Gun Medium Laser Energy Cannon Improved EM Pulse Cannon Ballistic Gun Light Assault Rifle Launcher Grenade Launcher Special Weapon Plasma Cutter Impact Weapon Heavy Flail Slashing Weapon Chainsword Build | -11 -10 -9 -9 -9 -8 -8 -8 -7 -7 -7 ------- Run | Scr Mat Mat Min Exi Min Mat Gar Fac Low Low Slots Evolved 6 | . . 2 . . . 2 . 2 . . Power 1 | . . . . . . . . 1 . . Propulsion 2 | . . 1 . . . . . 1 . . Utility 3 | . . 1 . . . 2 . . . . Weapon . | . . . . . . . . . . . Parts Attached 76 | 8 2 9 1 5 1 3 1 8 33 5 Power 8 | 1 . 2 . . . . . 2 3 . Engine 5 | 1 . 1 . . . . . 2 1 . Core 3 | . . 1 . . . . . . 2 . Reactor . | . . . . . . . . . . . Propulsion 14 | 3 . 2 1 . . . . 1 7 . Treads 1 | . . . . . . . . . 1 . Leg 3 | . . . . . . . . . 3 . Wheel 4 | 3 . . 1 . . . . . . . Hover 3 | . . 1 . . . . . 1 1 . Flight 3 | . . 1 . . . . . . 2 . Utility 26 | 2 . 3 . 5 1 1 1 2 9 2 Device 10 | 1 . 2 . 4 . 1 1 . . 1 Storage 3 | . . . . 1 1 . . . 1 . Processor 7 | 1 . 1 . . . . . . 4 1 Hackware . | . . . . . . . . . . . Protection 6 | . . . . . . . . 2 4 . Artifact . | . . . . . . . . . . . Weapon 28 | 2 2 2 . . . 2 . 3 14 3 Energy Gun 2 | 1 . . . . . . . . 1 . Energy Cannon 11 | . . . . . . . . . 10 1 Ballistic Gun 1 | 1 . . . . . . . . . . Ballistic Cannon . | . . . . . . . . . . . Launcher 6 | . 2 . . . . 2 . 2 . . Special Weapon 4 | . . 2 . . . . . . . 2 Impact Weapon 1 | . . . . . . . . . 1 . Slashing Weapon 3 | . . . . . . . . 1 2 . Piercing Weapon . | . . . . . . . . . . . Special Melee Weapon . | . . . . . . . . . . . Unidentified Prototypes 3 | . . . . 3 . . . . . . Parts Lost 31 | . 2 2 . . . 1 5 3 12 6 Power 3 | . 1 . . . . . 1 1 . . Propulsion 8 | . . 1 . . . . 2 1 3 1 Utility 10 | . 1 . . . . . . 1 7 1 Weapon 10 | . . 1 . . . 1 2 . 2 4 Highest Loss Streak 5 | . 2 1 . . . 1 5 2 5 4 Average Slot Usage (%) 69 | . 98 83 100 99 100 89 86 55 53 24 Engine 2 | . 13 1 . . . . . 4 . . Core 3 | . . 2 11 11 11 9 7 . 2 . Treads 1 | . . . . . . . . . 4 . Leg 3 | . . . . . . . . . 8 6 Wheel 8 | . 28 17 21 22 22 18 16 . . . Hover 2 | . . 3 . . . . . 1 4 . Flight 3 | . . 3 11 11 11 9 9 1 . . Device 11 | . 14 22 22 20 14 18 19 15 . . Storage 3 | . . . . 1 7 9 9 7 1 . Processor 9 | . 13 11 11 11 11 9 9 7 10 4 Protection 3 | . . . . . . . . 6 7 . Energy Cannon 1 | . . . . . . . . . 2 9 Launcher 7 | . 26 12 11 11 11 9 16 4 2 . Special Weapon 3 | . . 9 11 11 11 7 . . . 2 Slashing Weapon 2 | . . . . . . . . 3 4 . Naked Turns 19 | . . . . . . . . . 19 . Heaviest Build 38 | 9 12 11 11 12 14 17 17 34 38 11 Greatest Support 26 | 26 20 20 20 20 20 20 20 11 23 10 Greatest Overweight (x) 7 | . . 1 1 . . . 3 7 5 1 Average Overweight (x) . | . . . . . . . . 2 . . Largest Inventory Capacity 4 | 4 4 4 4 4 4 4 4 4 4 4 Average Capacity 4 | 4 4 4 4 4 4 4 4 4 4 4 Most Carried 4 | 3 4 3 4 4 4 3 2 4 4 2 Average Carried 2 | 1 3 1 3 3 4 2 1 3 2 1 Final Capacity 4 | 4 4 4 4 4 4 4 4 4 4 4 Final Carried 4 | 3 4 3 4 4 4 2 1 3 1 1 Class Distribution -------------------- 73% | Mutant 18% | Scavenger-Mutant 7% | Scavenger-Skirmisher Dominant Class ---------------- Mutant | -10/Materials Scavenger-Mutant | -9/Materials Scavenger-Mutant | -9/Mines Scavenger-Mutant | -9/Exiles Mutant | -8/Mines Scavenger-Skirmisher | -8/Materials Scavenger-Skirmisher | -8/Garrison Mutant | -7/Factory Mutant | -7/Lower Caves Mutant | -7/Lower Caves Resources | -11 -10 -9 -9 -9 -8 -8 -8 -7 -7 -7 ----------- Run | Scr Mat Mat Min Exi Min Mat Gar Fac Low Low Matter Collected 1443 | 285 56 224 20 60 10 2 . 208 547 31 Remotely . | . . . . . . . . . . . Salvage Created 1468 | 69 134 257 60 . . 94 . 268 577 9 Parts 117 | 10 17 31 2 . . 13 . 14 30 . Haulers Intercepted 1 | . . . . . . . . 1 . . Recyclers Shooed 2 | 1 . 1 . . . . . . . . Parts Field Recycled . | . . . . . . . . . . . Retrieved Matter . | . . . . . . . . . . . Parts Self-Destructed 20 | . . . . . . . . . 19 1 Prevented 2 | . . . . . . . . . 1 1 Kills | -11 -10 -9 -9 -9 -8 -8 -8 -7 -7 -7 ------- Run | Scr Mat Mat Min Exi Min Mat Gar Fac Low Low Combat Hostiles Destroyed 39 | . 5 10 . . . 7 . 3 13 1 Melee 11 | . . . . . . . . 1 10 . Cannons 3 | . . 1 . . . . . . 2 . AOE 24 | . 5 9 . . . 7 . 2 1 . Classes Destroyed 12 | 1 4 1 . . . 1 . 3 2 . Worker 6 | . 2 . 2 . . 2 . . . . Tunneler 3 | 3 . . . . . . . . . . Hauler 1 | . . . . . . . . 1 . . Recycler 2 | . . . . . . . . 2 . . Operator 1 | . . 1 . . . . . . . . Watcher 5 | . 2 2 . . . 1 . . . . Swarmer 20 | . 3 8 . . . 4 . . 5 . Grunt 12 | . 2 2 . . . 2 . 2 4 . Duelist 1 | . . . . . . 1 . . . . Sentry 2 | . . . . . . . . . 2 . Programmer 3 | . . . . . . . . 1 1 1 Master Thief 1 | . . . . . . . . . 1 . Best Kill Streak 7 | 3 4 5 2 . . 7 . 2 5 1 Combat Bots Only 5 | . 3 4 . . . 4 . 2 5 1 Max Kills in Single Turn 4 | 1 3 4 1 . . 4 . 2 1 1 Gunslinging . | . . . . . . . . . . . Exploded 4 | . 3 4 . . . 3 . 2 1 . Melee 1 | . . . . . . . . 1 1 . Uniques/NPCs Destroyed . | . . . . . . . . . . . Combat | -11 -10 -9 -9 -9 -8 -8 -8 -7 -7 -7 -------- Run | Scr Mat Mat Min Exi Min Mat Gar Fac Low Low Damage Taken 3208 | . 349 86 . . . 107 225 354 1436 651 Core 951 | . 145 6 . . . 23 45 94 379 259 Absorbed by Shields . | . . . . . . . . . . . Core Remaining (%) 81 | 100 42 . . . 98 . 87 . . . Volleys Fired 119 | 5 8 20 13 . . 7 7 8 42 9 Largest 2 | 2 2 2 1 . . 2 2 1 2 2 Hottest 200 | 70 60 100 30 . . 60 60 30 138 200 Shots Fired 141 | 10 12 21 13 . . 9 13 8 45 10 Gun 12 | 10 . . . . . . . . 2 . Cannon 34 | . . . . . . . . . 33 1 Launcher 61 | . 12 8 1 . . 9 13 8 10 . Special 34 | . . 13 12 . . . . . . 9 Kinetic 5 | 5 . . . . . . . . . . Thermal 57 | 5 . 13 12 . . . . . 18 9 Explosive 51 | . 12 8 1 . . 9 13 8 . . Electromagnetic 28 | . . . . . . . . . 27 1 Robot Hit Streak 10 | 3 9 10 7 . . 10 4 7 8 4 Robot Miss Streak 2 | 2 . 1 . . . 1 . . 2 1 Penetration Max . | . . . . . . . . . . . Secondary Targets . | . . . . . . . . . . . Shots Hit Robots 123 | 6 6 14 2 . . 5 3 7 72 8 Core Hits 93 | 3 11 20 2 . . 16 1 9 29 2 Critical Hits 2 | . . 1 1 . . . . . . . Critical Kills 1 | . . . 1 . . . . . . . Critical Parts Destroyed 1 | . . 1 . . . . . . . . Melee Attacks 74 | . . . . . . . . 9 65 . Impact 9 | . . . . . . . . . 9 . Slashing 65 | . . . . . . . . 9 56 . Piercing . | . . . . . . . . . . . Sneak Attacks 3 | . . . . . . . . 2 1 . Combat Hostiles 1 | . . . . . . . . . 1 . Follow-up Attacks . | . . . . . . . . . . . Damage Inflicted 5218 | 69 377 668 53 . . 679 145 666 2447 114 Guns 98 | 69 . . . . . . . . 29 . Cannons 527 | . . . . . . . . . 527 . Explosions 2229 | . 377 532 30 . . 679 145 379 87 . Melee 2075 | . . . . . . . . 287 1788 . Ramming 16 | . . . . . . . . . 16 . Kinetic 19 | 19 . . . . . . . . . . Thermal 548 | 50 . 136 23 . . . . . 225 114 Explosive 2127 | . 377 532 30 . . 679 145 364 . . Electromagnetic 433 | . . . . . . . . 15 418 . Impact 82 | . . . . . . . . . 82 . Slashing 1993 | . . . . . . . . 287 1706 . Piercing . | . . . . . . . . . . . Highest Corruption 10 | . 3 . . . . . . 4 8 10 Average Corruption 6 | . 1 . . . . . . 2 6 8 Corruption Purged . | . . . . . . . . . . . Effects 69 | . 2 . . . . . . 1 55 11 Message Errors 19 | . . . . . . . . 1 15 3 Matter Fused 15 | . . . . . . . . . 13 2 Heat Flow Errors 5 | . . . . . . . . . 4 1 Energy Discharges 10 | . 1 . . . . . . . 6 3 Parts Rejected 2 | . . . . . . . . . 2 . Data Loss (minor) 6 | . . . . . . . . . 5 1 Data Loss (major) 2 | . . . . . . . . . 2 . Misfires 1 | . . . . . . . . . 1 . Targeting Errors 8 | . 1 . . . . . . . 6 1 Weapon Failures 1 | . . . . . . . . . 1 . Overload Shots . | . . . . . . . . . . . Overflow Damage 171 | . 10 1 . . . . 35 66 58 1 Projectiles 26 | . . 1 . . . . . . 24 1 Explosions 45 | . 10 . . . . . 35 . . . Melee 100 | . . . . . . . . 66 34 . Knockbacks . | . . . . . . . . . . . Impact . | . . . . . . . . . . . Kinetic . | . . . . . . . . . . . Secondary . | . . . . . . . . . . . Self-Inflicted Damage 127 | . 17 . . . . . 88 20 2 . Shots 3 | . 1 . . . . . 1 1 . . Rammed 7 | . . . . . . . . . 7 . Targets Rammed 12 | . . . . . . . . . 12 . Kicked 5 | . . . . . . . . . 5 . Crushed . | . . . . . . . . . . . Highest Temperature 217 | 60 9 . . . . . 25 1 217 210 Average Temperature 44 | 27 9 . . . . . 14 1 49 50 Received Heat Transfer 882 | . 15 24 . . . 54 54 162 552 21 Siege Activations . | . . . . . . . . . . . Robots Corrupted . | . . . . . . . . . . . Combat Hostiles . | . . . . . . . . . . . Parts Fried 1 | . . . . . . . . 1 . . Impact Corruptions . | . . . . . . . . . . . Robots Melted 1 | . . . . . . . . . . 1 Combat Hostiles 1 | . . . . . . . . . . 1 Parts Melted 2 | 1 . . . . . . . . . 1 Heat Transferred 1713 | 148 . 444 74 . . . . . 407 640 Parts Sabotaged . | . . . . . . . . . . . Parts Stolen 24 | . . . . . . . . . 24 . Parts Stripped . | . . . . . . . . . . . Power Chain Reactions . | . . . . . . . . . . . Missiles Intercepted . | . . . . . . . . . . . Alert | -11 -10 -9 -9 -9 -8 -8 -8 -7 -7 -7 ------- Run | Scr Mat Mat Min Exi Min Mat Gar Fac Low Low Peak Influence 339 | 15 193 264 39 . 7 264 339 270 . . Average Influence 94 | 4 59 157 30 . 5 36 176 98 . . Maximum Alert Level 1 | . . 1 . . . 1 1 1 . . Low Security (%) 86 | 100 100 53 100 . 100 94 87 86 . . Level 1 13 | . . 46 . . . 5 12 13 . . Level 2 . | . . . . . . . . . . . Level 3 . | . . . . . . . . . . . Level 4 . | . . . . . . . . . . . Level 5 . | . . . . . . . . . . . High Security . | . . . . . . . . . . . Max Security . | . . . . . . . . . . . Squads Dispatched 5 | . . . . . . 1 . 4 . . Investigation 2 | . . . . . . . . 2 . . Extermination 2 | . . . . . . . . 2 . . Reinforcement . | . . . . . . . . . . . Assault . | . . . . . . . . . . . Garrison 1 | . . . . . . 1 . . . . Intercept . | . . . . . . . . . . . Construction Impeded . | . . . . . . . . . . . Haulers Reinforced . | . . . . . . . . . . . Stealth | -11 -10 -9 -9 -9 -8 -8 -8 -7 -7 -7 --------- Run | Scr Mat Mat Min Exi Min Mat Gar Fac Low Low Distress Signals . | . . . . . . . . . . . Communications Jammed . | . . . . . . . . . . . Distress Signals . | . . . . . . . . . . . Times Spotted 87 | . 7 17 . . 2 12 1 3 34 11 Peak Tracking Total 7 | . 3 7 . . 3 7 1 2 6 7 Tactical Retreats 8 | . . 2 . . . . . . 3 3 Traps | -11 -10 -9 -9 -9 -8 -8 -8 -7 -7 -7 ------- Run | Scr Mat Mat Min Exi Min Mat Gar Fac Low Low Traps Triggered 2 | . 1 . . . . . . 1 . . Indirectly . | . . . . . . . . . . . Trap Hack Attempts . | . . . . . . . . . . . Triggered . | . . . . . . . . . . . Disarmed . | . . . . . . . . . . . Reprogrammed 6 | . 6 . . . . . . . . . Reused . | . . . . . . . . . . . Traps Extracted . | . . . . . . . . . . . Installed . | . . . . . . . . . . . Triggered 2 | . . . . . . . . . . 2 Machines | -11 -10 -9 -9 -9 -8 -8 -8 -7 -7 -7 ---------- Run | Scr Mat Mat Min Exi Min Mat Gar Fac Low Low Machines Disabled 9 | . 2 . 1 . . 1 2 2 1 . Max in Single Turn 2 | . 2 . 1 . . 1 2 2 1 . Phase Generator 1 | . . . . . . . 1 . . . Machines Sabotaged . | . . . . . . . . . . . Garrisons Compromised . | . . . . . . . . . . . Overloaded Fab Kills 2 | . . . . . . . . 2 . . Fab Network Shutdowns . | . . . . . . . . . . . Hacking | -11 -10 -9 -9 -9 -8 -8 -8 -7 -7 -7 --------- Run | Scr Mat Mat Min Exi Min Mat Gar Fac Low Low Machines Accessed 26 | . 3 6 . 4 1 3 . 6 1 2 Terminals 14 | . 3 6 . . 1 1 . 2 1 . Fabricators 3 | . . . . . . . . 3 . . Repair Stations 1 | . . . . . . 1 . . . . Recycling Units 1 | . . . . . . . . 1 . . Scanalyzers . | . . . . . . . . . . . Garrison Access 1 | . . . . . . 1 . . . . Total Hacks 115 | . 18 15 . 48 2 7 . 17 6 2 Successful 95 | . 12 8 . 48 2 5 . 12 6 2 Failed 20 | . 6 7 . . . 2 . 5 . . Catastrophic 1 | . . . . . . . . 1 . . Database Lockouts . | . . . . . . . . . . . Manual 35 | . 13 7 . 1 1 3 . 9 . 1 Terminals 52 | . 18 15 . . 2 3 . 8 6 . Fabricators 7 | . . . . . . . . 7 . . Repair Stations 2 | . . . . . . 2 . . . . Recycling Units 2 | . . . . . . . . 2 . . Scanalyzers . | . . . . . . . . . . . Garrison Access 2 | . . . . . . 2 . . . . Terminal Hacks 72 | . 7 3 . 48 2 1 . 3 6 2 Record 57 | . . 1 . 48 . . . 2 6 . Prototype ID Bank 4 | . 2 1 . . . 1 . . . . Open Door 2 | . . . . . . . . . . 2 Branch Access Points 2 | . 1 1 . . . . . . . . Emergency Access Points 1 | . 1 . . . . . . . . . Alert Level 1 | . . . . . 1 . . . . . Locate Traps 1 | . . . . . . . . 1 . . Reprogram Traps 2 | . 1 . . . 1 . . . . . Transport Status 1 | . 1 . . . . . . . . . Zone Layout 1 | . 1 . . . . . . . . . Fabricator Hacks 3 | . . . . . . . . 3 . . Network Status 1 | . . . . . . . . 1 . . Build 2 | . . . . . . . . 2 . . Repair Station Hacks 2 | . . . . . . 2 . . . . Scan Component 1 | . . . . . . 1 . . . . Repair 1 | . . . . . . 1 . . . . Recycling Unit Hacks 1 | . . . . . . . . 1 . . Report Inventory 1 | . . . . . . . . 1 . . Scanalyzer . | . . . . . . . . . . . Garrison Access Hacks 1 | . . . . . . 1 . . . . Unlock Access 1 | . . . . . . 1 . . . . Unauthorized Hacks 40 | . 13 12 . . . 4 . 11 . . Terminals 14 | . 5 5 . . . 1 . 3 . . Assimilate 1 | . 1 . . . . . . . . . Botnet 10 | . 3 4 . . . 1 . 2 . . Disrupt 1 | . 1 . . . . . . . . . Operators 2 | . . 1 . . . . . 1 . . Fabricators 1 | . . . . . . . . 1 . . Overload 1 | . . . . . . . . 1 . . Repair Stations . | . . . . . . . . . . . Recycling Units 1 | . . . . . . . . 1 . . Tunnel 1 | . . . . . . . . 1 . . Scanalyzers . | . . . . . . . . . . . Garrison Access . | . . . . . . . . . . . Data Cores Recovered 1 | . . 1 . . . . . . . . Used 1 | . . 1 . . . . . . . . Hacking Detections 19 | . 3 6 . . 1 3 . 5 1 . Full Trace Events . | . . . . . . . . . . . Feedback Events . | . . . . . . . . . . . Feedback Blocked . | . . . . . . . . . . . Robot Schematics Acquired . | . . . . . . . . . . . Robots Built . | . . . . . . . . . . . Matter . | . . . . . . . . . . . Time . | . . . . . . . . . . . Total Robot Build Rating . | . . . . . . . . . . . Part Schematics Acquired . | . . . . . . . . . . . Parts Built 3 | . . . . . . . . 3 . . Matter 336 | . . . . . . . . 336 . . Time 168 | . . . . . . . . 168 . . Total Part Build Rating 12 | . . . . . . . . 12 . . Parts Repaired 1 | . . . . . . 1 . . . . Time 26 | . . . . . . 26 . . . . Parts Recycled . | . . . . . . . . . . . Recycled Matter . | . . . . . . . . . . . Retrieved Matter . | . . . . . . . . . . . Retrieved Components . | . . . . . . . . . . . Parts Scanalyzed . | . . . . . . . . . . . Part Schematics Acquired . | . . . . . . . . . . . Parts Damaged . | . . . . . . . . . . . Bothacking | -11 -10 -9 -9 -9 -8 -8 -8 -7 -7 -7 ------------ Run | Scr Mat Mat Min Exi Min Mat Gar Fac Low Low Used RIF Installer 1 | . . . . . . . 1 . . . Robots Hacked . | . . . . . . . . . . . Non-combat . | . . . . . . . . . . . Combat . | . . . . . . . . . . . Robot Hacks Applied . | . . . . . . . . . . . Relay Couplers Released . | . . . . . . . . . . . Robots Rewired . | . . . . . . . . . . . Allies Hacked . | . . . . . . . . . . . Hacks Repelled . | . . . . . . . . . . . Allies | -11 -10 -9 -9 -9 -8 -8 -8 -7 -7 -7 -------- Run | Scr Mat Mat Min Exi Min Mat Gar Fac Low Low Total Allies 1 | . . . . . . . . . . 1 Largest Group 1 | . . . . . . . . . . 1 Highest-Rated Group 135 | . . . . . . . . . . 135 Highest-Rated Ally 135 | . . . . . . . . . . 135 Total Orders 6 | . . . . 3 2 1 . . . . EXPLORE 3 | . . . . 1 1 1 . . . . RETURN 3 | . . . . 2 1 . . . . . Ally Attacks 1 | . . . . . . . . . . 1 Total Damage 229 | . . . . . . . . . . 229 Kills . | . . . . . . . . . . . Allies Corrupted . | . . . . . . . . . . . Allies Melted . | . . . . . . . . . . . Intel | -11 -10 -9 -9 -9 -8 -8 -8 -7 -7 -7 ------- Run | Scr Mat Mat Min Exi Min Mat Gar Fac Low Low Robot Analysis Total . | . . . . . . . . . . . Derelict Logs Recovered 2 | . . . . . . . . . 2 . Drone Launches 4 | . . . . 2 1 1 . . . . Drone Recoveries 3 | . . . . 2 1 . . . . . Exploration | -11 -10 -9 -9 -9 -8 -8 -8 -7 -7 -7 ------------- Run | Scr Mat Mat Min Exi Min Mat Gar Fac Low Low Turns Passed 5982 | 77 435 408 127 737 179 232 347 1258 1910 272 Spaces Moved 4112 | 58 349 360 73 801 159 154 112 461 1398 187 Core 325 | 4 . . . . . . 18 207 29 67 Treads 5 | . . . . . . . . . 5 . Legs 914 | . . . . . . . . . 794 120 Wheels 2042 | 54 349 358 73 801 159 154 94 . . . Hover 651 | . . 2 . . . . . 83 566 . Flight 175 | . . . . . . . . 171 4 . Fastest Speed 40 | 50 80 80 80 80 80 80 80 120 40 50 Average Speed 108 | 85 80 84 81 80 80 80 97 212 112 113 Slowest Speed 400 | 100 80 125 90 80 80 80 200 400 300 150 Overloaded Moves . | . . . . . . . . . . . Propulsion Burnouts . | . . . . . . . . . . . Robots Hopped . | . . . . . . . . . . . Cave-ins Triggered 1 | . 1 . . . . . . . . . Exploration Rate (%) 51 | 4 56 36 9 95 97 91 26 10 99 39 Regions Visited 10 Branch Regions 5 Pre-discovered Areas 2 | . . . . 1 . . . 1 . . Known Exits Taken 7 | . . 1 1 1 1 1 . 1 1 . Unknown Exits Taken 2 | 1 1 . . . . . . . . . Scrap Searched 5 | . . . . . 1 . . . 3 1 Spaces Dug 92 | . 23 . . . . . 65 4 . . Terrain Destroyed 358 | . 77 40 7 . . 47 148 39 . . Melee 4 | . . . . . . . . 4 . . Projectile 1 | . . 1 . . . . . . . . AOE 353 | . 77 39 7 . . 47 148 35 . . Actions | -11 -10 -9 -9 -9 -8 -8 -8 -7 -7 -7 --------- Run | Scr Mat Mat Min Exi Min Mat Gar Fac Low Low Total 5327 | 73 493 427 115 897 210 253 337 718 1573 231 Wait 903 | . 128 36 28 83 51 88 218 229 13 29 Move 4102 | 57 347 359 72 800 158 154 111 460 1397 187 Hop . | . . . . . . . . . . . Pick Up 17 | 2 3 1 . 3 . 1 . 3 4 . Fast Attach 53 | 8 2 5 1 3 . . . 6 24 4 Attach 16 | . . 3 . . . 3 1 1 7 1 Detach 7 | 1 . . 1 . . . . . 4 1 Swap 7 | . . 1 . 2 1 . . 1 2 . Drop 15 | . 4 2 . 6 . . . 1 2 . Fire 119 | 5 8 20 13 . . 7 7 8 42 9 Melee 74 | . . . . . . . . 9 65 . Ram . | . . . . . . . . . . . Kick 12 | . . . . . . . . . 12 . Crush . | . . . . . . . . . . . Escape Stasis 1 | . 1 . . . . . . . . . Rewire 1 | . . . . . . . . . 1 . Trap . | . . . . . . . . . . . Miscellaneous . | . . . . . . . . . . . Route ------- -11/Scrapyard -10/Materials (discovered 2 exits: *Mat / *Min) -9/Materials (discovered 5 exits: *Mat / *Min x2 / Sto x2) -9/Mines -9/Exiles (discovered 2 exits: *Min x2) -8/Mines (discovered 2 exits: *Mat x2) -8/Materials (discovered 4 exits: *Fac x3 / Gar) -8/Garrison -7/Factory -7/Lower Caves -7/Lower Caves History --------- Turn | Location | Event 31 | -11/Scrapyard | Discovered new exit (range 15) 78 | -11/Scrapyard | Entered Materials 176 | -10/Materials | Discovered new exit (range 13) 316 | -10/Materials | Build established: Mutant 386 | -10/Materials | Identified exit to Mines 488 | -10/Materials | Crushed by falling debris 489 | -10/Materials | Core integrity fell below 50% 513 | -10/Materials | Entered another Materials area 513 | -9/Materials | Evolved 2 slots: Propulsion x1, Utility x1 772 | -9/Materials | Identified exit to Mines 772 | -9/Materials | Identified exit to Storage 831 | -9/Materials | Discovered new exit (range 15) 843 | -9/Materials | Identified exit to Materials 921 | -9/Materials | Entered Mines 1043 | -9/Mines | Deemed a non-threat by the Exiles lab entrance 1043 | -9/Mines | Discovered new exit (range 5) 1047 | -9/Mines | Identified exit to Exiles 1048 | -9/Mines | Entered Exiles 1068 | -9/Exiles | Discovered new exit (range 14) 1077 | -9/Exiles | Identified exit to Mines 1092 | -9/Exiles | Build established: Scavenger-Mutant 1095 | -9/Exiles | Met 8R-AWN 1113 | -9/Exiles | Met EX-HEX 1166 | -9/Exiles | Met EX-DEC 1197 | -9/Exiles | Learned location of Zion (-7) 1258 | -9/Exiles | Visited The Gauntlet 1409 | -9/Exiles | Met EX-BIN 1468 | -9/Exiles | Aligned with FarCom system 1469 | -9/Exiles | Given EX-Vault access code 1487 | -9/Exiles | Opened EX-Vault 1493 | -9/Exiles | Found Prototype Device 1493 | -9/Exiles | Identified Supersonic Drone Bay 1497 | -9/Exiles | Found Prototype Storage 1497 | -9/Exiles | Identified Superbattery 1581 | -9/Exiles | Found Prototype Device 1581 | -9/Exiles | Identified PSU Rigger 1597 | -9/Exiles | Discovered exit to Mines (range 54) 1615 | -9/Exiles | Warned to stay clear of 0b10 Research branches 1785 | -9/Exiles | Stole three prototypes: Supersonic Drone Bay, Superbattery, PSU Rigger 1785 | -9/Exiles | Entered Mines 1790 | -8/Mines | Discovered exit to Materials (range 52) 1793 | -8/Mines | Discovered exit to Materials (range 64) 1805 | -8/Mines | Build established: Mutant 1964 | -8/Mines | Entered Materials 1964 | -8/Materials | Evolved 2 slots: Utility x2 1970 | -8/Materials | Discovered new exit (range 70) 1980 | -8/Materials | Discovered new exit (range 101) 1984 | -8/Materials | Discovered new exit (range 67) 2040 | -8/Materials | Repaired Grenade Launcher 2137 | -8/Materials | Garrison activated, responded to threat 2196 | -8/Materials | Identified exit to Garrison 2196 | -8/Materials | Entered Garrison 2472 | -8/Garrison | Build established: Scavenger-Skirmisher 2502 | -8/Garrison | Phase Generator disabled 2510 | -8/Garrison | Discovered new exit (range 9) 2523 | -8/Garrison | Identified exit to Factory 2537 | -8/Garrison | Installed Relay Interface Framework 2543 | -8/Garrison | Entered Factory 2543 | -7/Factory | Evolved 2 slots: Power x1, Propulsion x1 2545 | -7/Factory | FarCom data flow suspended 2568 | -7/Factory | Lost 5 parts (1p2n2w) 2643 | -7/Factory | Fabricated Imp. Medium Armor Plating (x1) 2791 | -7/Factory | Build established: Mutant 3545 | -7/Factory | Discovered new exit (range 15) 3598 | -7/Factory | Identified exit to Lower Caves 3801 | -7/Factory | Entered Lower Caves 4001 | -7/Lower Caves | Spotted YI-42B(f) 4001 | -7/Lower Caves | Spotted 3Y-Z0X(f) 4003 | -7/Lower Caves | Encountered a Master Thief 4003 | -7/Lower Caves | Encountered a Master Thief 4004 | -7/Lower Caves | Superbattery stolen by Master Thief 4010 | -7/Lower Caves | PSU Rigger stolen by Master Thief 4023 | -7/Lower Caves | Spotted RD-082(f) 4023 | -7/Lower Caves | Spotted 8A-GBX(f) 4024 | -7/Lower Caves | Encountered a Master Thief 4024 | -7/Lower Caves | Encountered a Master Thief 4024 | -7/Lower Caves | Lgt. Angular Momentum Engine stolen by Master Thief 4030 | -7/Lower Caves | Lgt. Angular Momentum Engine stolen by Master Thief 4346 | -7/Lower Caves | Attracted the attention of an 0b10 checkpoint 4468 | -7/Lower Caves | Discovered new exit (range 9) 4468 | -7/Lower Caves | Learned location of 1 exit from Factory 4473 | -7/Lower Caves | Identified exit to Lower Caves 4484 | -7/Lower Caves | Attracted the attention of an 0b10 base 4528 | -7/Lower Caves | Core integrity fell below 50% 4564 | -7/Lower Caves | Lost 5 parts (2n2u1w) 4575 | -7/Lower Caves | Learned Armory stockpile data 4575 | -7/Lower Caves | Learned Extension terminal intel 4575 | -7/Lower Caves | Learned Armory terminal intel 4588 | -7/Lower Caves | Spotted L9-EDI(f) 4589 | -7/Lower Caves | Encountered a Master Thief 4589 | -7/Lower Caves | Spotted XQ-PXT(f) 4590 | -7/Lower Caves | Encountered a Master Thief 4594 | -7/Lower Caves | Mic. Fission Core stolen by Master Thief 4697 | -7/Lower Caves | Destroyed L9-EDI(f) 4726 | -7/Lower Caves | Spotted TG-5WZ(f) 4727 | -7/Lower Caves | Encountered a Master Thief 4731 | -7/Lower Caves | Nuclear Pulse Thruster stolen by Master Thief 4811 | -7/Lower Caves | Spotted 90-S7Z(f) 4812 | -7/Lower Caves | Encountered a Master Thief 4816 | -7/Lower Caves | Spotted SF-SOX(f) 4817 | -7/Lower Caves | Encountered a Master Thief 4819 | -7/Lower Caves | Chainsword stolen by Master Thief 4830 | -7/Lower Caves | Imp. EM Pulse Cannon stolen by Master Thief 4842 | -7/Lower Caves | Spotted F9-CQM(f) 4843 | -7/Lower Caves | Encountered a Master Thief 4843 | -7/Lower Caves | Imp. EM Pulse Cannon stolen by Master Thief 4843 | -7/Lower Caves | Spotted 4C-SWE(f) 4844 | -7/Lower Caves | Encountered a Master Thief 4853 | -7/Lower Caves | Remote Datajack stolen by Master Thief 4953 | -7/Lower Caves | Encountered a Warlord checkpoint 5129 | -7/Lower Caves | Spotted VB-022(f) 5129 | -7/Lower Caves | Imp. Medium Armor Plating stolen by Master Thief 5130 | -7/Lower Caves | Encountered a Master Thief 5202 | -7/Lower Caves | Spotted JB-02V(f) 5203 | -7/Lower Caves | Encountered a Master Thief 5203 | -7/Lower Caves | Lgt. Nuclear Core stolen by Master Thief 5204 | -7/Lower Caves | Spotted 17-O01(f) 5205 | -7/Lower Caves | Encountered a Master Thief 5220 | -7/Lower Caves | Imp. Light Armor Plating stolen by Master Thief 5252 | -7/Lower Caves | Spotted OJ-UV0(f) 5253 | -7/Lower Caves | Encountered a Master Thief 5256 | -7/Lower Caves | Hvy. Flail stolen by Master Thief 5348 | -7/Lower Caves | Spotted DN-91Y(f) 5349 | -7/Lower Caves | Encountered a Master Thief 5351 | -7/Lower Caves | Spotted A3-65K(f) 5352 | -7/Lower Caves | Encountered a Master Thief 5354 | -7/Lower Caves | Shock Rifle stolen by Master Thief 5356 | -7/Lower Caves | Lgt. Nuclear Core stolen by Master Thief 5413 | -7/Lower Caves | Spotted O9-5SO(f) 5414 | -7/Lower Caves | Encountered a Master Thief 5415 | -7/Lower Caves | Phase Cannon stolen by Master Thief 5606 | -7/Lower Caves | Spotted S8-G0U(f) 5607 | -7/Lower Caves | Encountered a Master Thief 5612 | -7/Lower Caves | Greatsword stolen by Master Thief 5657 | -7/Lower Caves | Spotted UX-IS5(f) 5658 | -7/Lower Caves | Encountered a Master Thief 5660 | -7/Lower Caves | Spotted I2-RKW(f) 5661 | -7/Lower Caves | Encountered a Master Thief 5664 | -7/Lower Caves | Imp. Treads stolen by Master Thief 5704 | -7/Lower Caves | Imp. EM Pulse Cannon stolen by Master Thief 5711 | -7/Lower Caves | Entered another Lower Caves area 5920 | -7/Lower Caves | Core integrity fell below 20% 5976 | -7/Lower Caves | System corruption reached 10% 5983 | -7/Lower Caves | 99-TNT showed up to help 5983 | -7/Lower Caves | Destroyed by 99-TNT with 99-TNT's Nukerbomber Last Messages --------------- S-27 Virus shuts down. System corrupted: Component data lost. Destroyed VTOL Module. RFKI2|9Q81&PPHSO%NZS# Acquired Proton Cannon. S-27 Virus reactivates. Aluminum Leg destroyed. P-60 Hacker fails to hack 99-TNT. P-60 Hacker heat damages Shock Rifle. Imp. Terrain Scanner destroyed. S-27 Virus destroyed. P-60 Hacker heat damages Imp. Heat Sink, Gravmag System, Target Analyzer, Shock Rifle. P-60 Hacker critical meltdown. Lgt. Angular Momentum Engine melted. Proton Cannon destroyed. Plasma Flamer destroyed. P-60 Hacker destroyed. Slug penetrates 99-TNT. 99-TNT: "Let me deal with this, you get out of here!" Map ----- +----------------------------------------------------+ | ?????????????????????????????????????????????????? | | ?????????????????????????????????????????????????? | | ?????????????????????????????????????????????????? | | ?????????????????????????????????????????????????? | | ?????????????????????????????????????????????????? | | ?????????????????????????????????????????????????? | | ?????????????????????????????????????????????????? | | ?????????????????????????????????????????????????? | | ?????????????????????????????????????????????????? | | ?????????????????????????????????????????????????? | | ????????????????????????????? ???????????????????? | | ?????????????????????????????????????????????????? | | ?????????????????????????????????????????????????? | | ?????????????????????????????????????????????????? | | ?????????????????????????????????????????????????? | | ?????????????????????????????????????????????????? | | ?????????????????????????????????????????????????? | | ?????????????????????????????????????????????????? | | ?????????????????????????????????????????????????? | | ?????????????????????????????????????????????????? | | ?????????????????????????????????#???????????????? | | ???????????????????????????????? #???????????????? | | ???????????????????????????????? #???????????????? | | ???????????????????????#####??## ##??????????????? | | ????????????????????##;# ];# # ##?????????????? | | ????????????????????# ; =@ #?????????????? | | ????????????????????##; [ l ## #??????????? | | ?????????????????????#;=d g #??????????? | | ????????????????????# ; = ####?????####?? | | ????????????????????##;; ; #????????# #?? | | ?????????????????????# ### Y#### #????????# ### | | ?????????????????????###??# ########??????## | | ??????????????????????????# #???#### | | ??????????????????????????# #??## #### | | ??????????????????????????######## #?## #?? | | ?????????????????????????????????# ### ## #? | | ????????????????????????????????## ## #### ##? | | ????????????????????????????????# #??# #?? | | ??????????????????????????????#?# #? ##?? | | ????????????????????????????????## #?## | | ?????????????????????????????????# ## | | ???????????????????????????????? | | ?????????????????????????????? ## | | ?????????????????????????????#### ## ##? | | ????????????????????????????????# ##? ###?? | | ???????????????????????????????? #?? ##???? | | ??????????????????????????????? ?? #????? | | ??????????????????????????????## ?? ##????? | | ???????????????????????????????### ?? #?????? | | ?????????????????????????????????# ?? ?????? | +----------------------------------------------------+ Best States ------------- Heat Dissipation 34 Energy Generation 31 Energy Capacity 2160 Matter Stores 300 Matter Capacity 400 Sight Range 22 Robot Scan Range 13 Terrain Scan Range 16 Terrain Scan Density 110 Armor Coverage 375 Resistance: KI 20 Resistance: TH 20 Resistance: EX 20 Resistance: EM 20 Resistance: I 20 Resistance: S 20 Resistance: P 20 Evasion (%) 53 Targeting Accuracy 6 Melee Accuracy 8 Recoil Reduction 1 Offensive Hacking 10 Item Schematics ----------------- None Robot Schematics ------------------ None Fabricated ------------ Imp. Medium Armor Plating | x1 | -7/Factory | Preloaded Core Analyzer | x2 | -7/Factory | Preloaded Alien Tech Used ----------------- None Achievements -------------- None Challenges ------------ None Game ------ Seed InsulationEnergyProjector Manual? 0 Play Time 01:14:18 Cumulative 38.3 hours Start 2020.01.02 @ 11:58:51 End 2020.01.02 @ 13:16:03 Sessions 1 Manual Loads 0 Difficulty Adventurer Special Mode None Game No. 54 Rogue 49 Adventurer 5 Explorer 0 Win Type - Total 0 Types 0/0/0/0/0/0/0 Lore% 37 Gallery% 45 Achievement% 35 Wizard Run 0 Options --------- ASCII 0 Keyboard 0 Movement Mouse Keybinds 0 Fullscreen 1 Font 18/SmallcapsGlow Map View 76x50 Tactical HUD 0 Map Filters NONE Filters NONE Steam 1 RUN: 6522d917-7a05-4766-b6a3-8fd46dd59d65